 Dungeon Crawl Stone Soup version 0.30-a0-618-gd6c86c23d0 (webtiles) character file.

Game seed: 12126542435319175520

10850 Leeroy the Covert (level 12, -4/59 HPs)
             Began as a Kobold Enchanter on Jan 9, 2023.
             Was a Priest of Dithmenos.
             Slain by a wolf (9 damage)
             ... on level 2 of the Lair of Beasts.
             The game lasted 00:22:04 (11037 turns).

Leeroy the Covert (Kobold Enchanter)               Turns: 11037, Time: 00:22:05

Health: -4/59      AC:  4    Str:  6    XL:     12   Next: 0%
Magic:  12/15      EV: 22    Int: 16    God:    Dithmenos [***...]
Gold:   359        SH:  5    Dex: 20    Spells: 7/15 levels left

rFire   + . .      SeeInvis .    F - +0 rapier
rCold   + . .      Faith    .    (no shield)
rNeg    . . .      Spirit   .    C - +0 robe {rC+ rF+}
rPois   .          Reflect  +    V - +0 helmet
rElec   .          Harm     .    r - +0 cloak {Will+}
rCorr   .          Rampage  .    (no gloves)
Will    +....                    (no boots)
Stlth   +++++++++                K - amulet of reflection
HPRegen 0.29/turn                (no ring)
MPRegen 0.14/turn                (no ring)

@: wreathed by umbra
A: small, no large weapons, nightstalker 3
a: Renounce Religion, Shadow Step


You were on level 2 of the Lair of Beasts.
You worshipped Dithmenos.
Dithmenos was most pleased with you.
You visited 2 branches of the dungeon, and saw 11 of its levels.

You collected 716 gold pieces.
You spent 357 gold pieces at shops.

Inventory:

Hand Weapons
 a - a +1 dagger
 e - a +0 dagger of venom
 q - a +3 quarterstaff of chaos
 D - a +0 dagger of venom
 E - a +0 long sword
 F - a +0 rapier (weapon)
 R - a +0 scimitar
 T - a +1 falchion of electrocution
Missiles
 G - 11 poisoned darts (quivered)
 W - 2 throwing nets
Armour
 b - a +0 robe
 i - a +0 buckler
 r - a +0 cloak of willpower (worn)
 C - a +0 robe of resistance (worn)
 I - a +2 leather armour of cold resistance
 L - +0 steam dragon scales
 V - a +0 helmet (worn)
Jewellery
 c - a +6 ring of intelligence
 u - an amulet of magic regeneration
 K - an amulet of reflection (around neck)
 O - a +4 ring of protection
 X - a ring of ice
Wands
 x - a wand of roots (4)
 B - a wand of acid (3)
 H - a wand of charming (13)
Scrolls
 d - 3 scrolls of fog
 f - 2 scrolls of magic mapping
 g - a scroll of immolation {unknown}
 h - 3 scrolls of fear
 j - 2 scrolls of enchant armour
 k - 2 scrolls of blinking
 m - a scroll of summoning
 o - 7 scrolls of teleportation
 s - a scroll of poison
 t - a scroll of torment
 y - a scroll of enchant weapon
 N - a scroll of vulnerability
 U - 3 scrolls of identify
 Y - a scroll of acquirement {unknown}
Potions
 l - 4 potions of heal wounds {unknown}
 n - 2 potions of lignification {unknown}
 p - a potion of magic {unknown}
 v - 4 potions of attraction
 w - 2 potions of might {unknown}
 z - 3 potions of mutation {unknown}
 A - a potion of resistance {unknown}
 J - a potion of curing {unknown}
 M - 2 potions of berserk rage {unknown}
 P - a potion of flight {unknown}
 Q - a potion of cancellation {unknown}
 S - a potion of haste {unknown}


   Skills:
 - Level 13.0 Short Blades
 - Level 10.2 Dodging
 - Level 13.2 Stealth
 - Level 2.1 Spellcasting
 + Level 9.6 Hexes
 - Level 0.5 Ice Magic


You had 7 spell levels left.
You knew the following spells:

 Your Spells              Type           Power      Damage    Failure   Level
a - Ensorcelled Hibernat  Hex/Ice        36%        N/A       3%          2
b - Confusing Touch       Hex            32%        N/A       1%          3
c - Dazzling Flash        Conj/Hex       34%        N/A       9%          3

Your spell library contained the following spells:

 Spells                   Type           Power      Damage    Failure   Level
 Slow                     Hex            100%       N/A       1%          1
 Tukima's Dance           Hex            32%        N/A       1%          3
 Summon Guardian Golem    Hex/Summ       17%        N/A       9%          3
 Magic Dart               Conj           4%         1d3       21%         1
 Summon Small Mammal      Summ           4%         N/A       21%         1
 Call Imp                 Summ           1%         N/A       30%         2
 Passwall                 Tmut/Erth      0%         N/A       30%         2
 Ozocubu's Armour         Ice            3%         N/A       43%         3
 Call Canine Familiar     Summ           1%         N/A       52%         3
 Gell's Gravitas          Tloc           1%         N/A       52%         3
 Lesser Beckoning         Tloc           2%         N/A       52%         3
 Mephitic Cloud           Conj/Pois/Air  1%         N/A       52%         3
 Swiftness                Air            1%         N/A       52%         3
 Teleport Other           Tloc           1%         N/A       52%         3
 Vampiric Draining        Necr           1%         2d6       52%         3
 Metabolic Englaciation   Hex/Ice        9%         N/A       56%         5
 Yara's Violent Unravell  Hex/Tmut       8%         3d5       61%         5
 Enfeeble                 Hex            16%        N/A       97%         7
 Alistair's Intoxication  Tmut/Pois      0%         N/A       99%         5
 Borgnjor's Vile Clutch   Necr/Erth      0%         N/A       99%         5
 Eringya's Noxious Bog    Tmut/Pois      0%         N/A       100%        6
 Simulacrum               Ice/Necr       1%         N/A       100%        6


Dungeon Overview and Level Annotations

Branches:
Dungeon (9/15)             Temple (0/1) D:4            Lair (2/5) D:9
 Shoals (0/4) Lair:2
  Snake: Lair:2-3    Spider: Lair:2-3       Orc: D:9-12

Altars:
Ashenzari
Cheibriados
Dithmenos
Elyvilon
Fedhas
Makhleb
Okawaru
Ru
Xom
The Shining One

Shops:
D:6 (   D:8 ?*


Innate Abilities, Weirdness & Mutations

You are small and have problems with some larger weapons.
You are completely attuned to the shadows.


Message History

The wolf barely misses you. The wolf bites you. You block the wolf's attack.
You hit the wolf but do no damage.
The wolf is heavily wounded.
The wolf completely misses you. The wolf misses you.
The wolf closely misses you.
You hit the wolf but do no damage.
The wolf is heavily wounded.
The wolf barely misses you. The wolf bites you! The wolf misses you.
You hit the wolf.
The wolf is severely wounded.
The wolf bites you but does no damage. The wolf bites you! The wolf misses you.
You hit the wolf but do no damage.
The wolf is severely wounded.
The wolf closely misses you. The wolf completely misses you. x2
You hit the wolf.
You kill the wolf!
Dithmenos accepts your kill. The wolf completely misses you.
You block the wolf's attack.
You have reached level 12!
Unknown command.
The wolf attacks as you move away! The wolf misses you.
The wolf barely misses you.
You see here a wolf corpse.
You hit the wolf.
The wolf is lightly wounded.
You puncture the wolf!
The wolf is heavily wounded.
You miss the wolf.
The wolf is heavily wounded.
The wolf barely misses you. The wolf bites you!
* * * LOW HITPOINT WARNING * * *
You hit the wolf but do no damage.
The wolf is heavily wounded.
You block the wolf's attack. The wolf bites you!
* * * LOW HITPOINT WARNING * * *
Okay, then.
Okay, then.
The wolf attacks as you move away! You block the wolf's attack.
The wolf barely misses you. The wolf bites you!
You die...

### ## ###### ##
..##P.###.#PP#######P##
................@h.....
................#h.##
##...##..#.....P##†# ....
##.#.#..##.....##..## #...P
'........#.....##...##....P
#.......#......#.#..#.#...#
##.......#......##.........
#.......##......###..##...P
##......#......####.###...#


You could see 2 wolves.

Vanquished Creatures
  Harold (Lair:1)
  Fannar (Lair:1)
  A boulder beetle (Lair:1)
  A black mamba (Lair:1)
  2 cane toads (Lair:1)
  A rime drake (Lair:1)
  3 komodo dragons (Lair:2)
  8 blink frogs
  Sigmund (D:5)
  7 yaks
  Grum (Lair:1)
  A steam dragon (D:8)
  2 basilisks
  5 water moccasins
  3 ice beasts
  An orc warrior (D:7)
  A black bear (D:6)
  2 ogres
  5 wolves
  5 centaurs
  A phantom (D:7)
  A kobold brigand (D:6)
  9 bullfrogs
  2 scorpions
  2 howler monkeys
  4 jellies
  2 hounds
  5 orc priests
  Crazy Yiuf (D:3)
  A gnoll bouda (D:8)
  Terence (D:2)
  4 iguanas
  11 orc wizards
  6 gnolls (D:8)
  8 adders
  A white imp (D:6)
  5 worms
  5 dart slugs
  28 orcs
  7 endoplasms
  A giant cockroach (D:2)
  10 goblins
  7 hobgoblins
  A jackal (D:2)
  11 kobolds
  7 quokkas
  5 ball pythons
  4 bats (D:2)
  3 frilled lizards
  5 rats
210 creatures vanquished.

Vanquished Creatures (others)
  4 fungi (Lair:2)
  7 plants
11 creatures vanquished.

Grand Total: 221 creatures vanquished

Notes
Turn   | Place    | Note
-------+----------+-------------------------------------------
     0 | D:1      | Leeroy the Kobold Enchanter began the quest for the Orb.
     0 | D:1      | Reached XP level 1. HP: 10/10 MP: 3/3
   211 | D:1      | Reached XP level 2. HP: 15/15 MP: 5/5
   216 | D:1      | Learned a level 2 spell: Ensorcelled Hibernation
   278 | D:1      | Reached skill level 5 in Stealth
   567 | D:1      | Reached XP level 3. HP: 16/19 MP: 3/6
  1184 | D:2      | Reached XP level 4. HP: 24/24 MP: 7/7
  1571 | D:2      | Found a shadowy altar of Dithmenos.
  1706 | D:2      | Became a worshipper of Dithmenos the Shadowed
  1765 | D:2      | Noticed Terence
  1782 | D:2      | Killed Terence
  1783 | D:2      | Reached XP level 5. HP: 28/28 MP: 3/8
  2023 | D:3      | Found an iron altar of Okawaru.
  2193 | D:3      | Reached XP level 6. HP: 32/32 MP: 9/9
  2361 | D:3      | Learned a level 3 spell: Confusing Touch
  2365 | D:3      | Learned a level 3 spell: Dazzling Flash
  2531 | D:3      | Found a runed translucent door.
  2534 | D:3      | Noticed Crazy Yiuf
  2539 | D:3      | Killed Crazy Yiuf
  2888 | D:4      | Found a shimmering altar of Xom.
  3143 | D:4      | Found a staircase to the Ecumenical Temple.
  3418 | D:5      | Entered Level 5 of the Dungeon
  3449 | D:5      | Reached skill level 10 in Stealth
  3665 | D:5      | Noticed an ogre
  3669 | D:5      | Killed an ogre
  3670 | D:5      | Reached XP level 7. HP: 36/36 MP: 10/10
  3742 | D:5      | Reached * piety under Dithmenos
  3756 | D:5      | Found a blossoming altar of Fedhas.
  3885 | D:5      | Found a snail-covered altar of Cheibriados.
  4125 | D:5      | Noticed Sigmund
  4129 | D:5      | Killed Sigmund
  4136 | D:5      | Reached XP level 8. HP: 41/41 MP: 11/11
  5107 | D:6      | Reached skill level 5 in Short Blades
  5403 | D:6      | Reached XP level 9. HP: 33/45 MP: 12/12
  5407 | D:6      | Reached ** piety under Dithmenos
  5659 | D:6      | Found a sacrificial altar of Ru.
  5661 | D:6      | Reached skill level 5 in Dodging
  5698 | D:6      | Found Aprecsuo's Weapon Shoppe.
  5701 | D:6      | Bought a +0 rapier for 52 gold pieces
  5701 | D:6      | Bought 2 poisoned darts for 10 gold pieces
  7468 | D:8      | Found Uhaor's Assorted Antiques.
  7475 | D:8      | Bought a dented soapstone amulet for 175 gold pieces
  7606 | D:8      | Reached XP level 10. HP: 50/50 MP: 13/13
  7610 | D:8      | Reached skill level 10 in Short Blades
  7734 | D:8      | Found a white marble altar of Elyvilon.
  7880 | D:8      | Found a broken altar of Ashenzari.
  7887 | D:8      | Found a glowing golden altar of the Shining One.
  7888 | D:8      | Found a burning altar of Makhleb.
  8190 | D:8      | Found Xytelyloa's Magic Scroll Emporium.
  8204 | D:8      | Bought 3 scrolls of identify for 90 gold pieces
  8207 | D:8      | Bought a scroll of identify for 30 gold pieces
  8449 | D:9      | Noticed a rime drake
  8660 | D:9      | Noticed a two-headed ogre
  8879 | D:9      | Found a staircase to the Lair.
  8886 | Lair:1   | Entered Level 1 of the Lair of Beasts
  9184 | Lair:1   | Noticed a cane toad
  9188 | Lair:1   | Killed a cane toad
  9194 | Lair:1   | Noticed a rime drake
  9196 | Lair:1   | Noticed Harold
  9198 | Lair:1   | Killed a rime drake
  9201 | Lair:1   | Killed Harold
  9223 | Lair:1   | Reached skill level 10 in Dodging
  9225 | Lair:1   | Reached XP level 11. HP: 54/54 MP: 14/14
  9562 | Lair:1   | Noticed a boulder beetle
  9566 | Lair:1   | Killed a boulder beetle
  9567 | Lair:1   | Reached skill level 5 in Hexes
  9575 | Lair:1   | Noticed Fannar
  9579 | Lair:1   | Killed Fannar
  9624 | Lair:1   | Noticed Grum
  9630 | Lair:1   | Reached *** piety under Dithmenos
  9663 | Lair:1   | Killed Grum
 10868 | Lair:2   | Found a staircase to the Shoals.
 11032 | Lair:2   | Reached XP level 12. HP: 21/59 MP: 11/15
 11037 | Lair:2   | Slain by a wolf

Illustrated notes

Levels and vault maps discovered:
D:1:      onia_arrival_pentagram, layout_loops_ring, nicolae_wormholes
D:2:      minmay_skewed_foursquare, layout_rooms, basic_altar,
          minmay_pentomino_pile, uniq_terence
D:3:      layout_basic, okawaru_ov_weapons_minmay, uniq_crazy_yiuf_cottage
D:4:      layout_cave_pools, overflow_temple_1_default,
          minmay_temple_entry_statues
D:5:      layout_loops_ring, cheibrodos_worm_habitat, fedhas_altar_1,
          minmay_misc_feat_rows, dk_noncrumbling_3, uniq_sigmund
D:6:      layout_loops_ring, mainiacjoe_overflow_alcove_4, serial_shops,
          kennysheep_mini, columned_hall_lemuel
D:7:      layout_layer_cave, roderic_roman_lattice
D:8:      layout_basic, elyvilon_altar_4, gammafunk_temple_overflow_forgotten,
          enter_bailey_4, serial_shops, nicolae_stop_n_shop_1,
          nicolae_stop_n_shop_1
D:9:      nzn_winding_woodlands_three_and_one
          [nzn_winding_woodlands_5x15_concentric,
          nzn_winding_woodlands_5x15_river_crossing,
          nzn_winding_woodlands_5x15_longhouse,
          nzn_winding_woodlands_center_pierced_h], layout_cave_pools,
          hellmonk_lair_entry_icy
Lair:1:   layout_cave_pods, nzn_sisyphean_effort, grunt_megastairs_2,
          lemuel_fruit_fields, infiniplex_staircase_pool, uniq_grum,
          uniq_fannar, uniq_harold
Lair:2:   layout_regular_city, shoals_dummy_entry, guppyfry_snake_entry_garden,
          grunt_megastairs_4, infiniplex_staircase_pool_2

Skill      XL: |  1  2  3  4  5  6  7  8  9 10 11 |
---------------+----------------------------------+-----
Stealth        | 5 6 7 8 10 12 13 | 13.2
Short Blades   | 5 9 12 13 | 13.0
Dodging        | 4 7 10 | 10.2
Hexes          | 9 |  9.6
Spellcasting   | |  2.1
Ice Magic      | |  0.5

Action                   |  1- 3 |  4- 6 |  7- 9 | 10-12 || total
-------------------------+-------+-------+-------+-------++-------
Melee: Dagger            |    52 |   121 |   209 |       ||   382
       Punch             |     3 |       |     8 |     2 ||    13
       Rapier            |       |       |    44 |   207 ||   251
 Cast: Ensorcelled Hiber |     1 |     9 |    10 |    18 ||    38
       Confusing Touch   |       |       |       |     4 ||     4
  Use: Potion            |       |       |     1 |     1 ||     2
       Scroll            |       |       |       |    11 ||    11
 Stab: Sleeping          |    13 |    34 |    40 |    31 ||   118
       Distracted        |       |       |     4 |     1 ||     5
       Invisible         |       |       |     3 |     2 ||     5
       Confused          |       |       |       |     4 ||     4
Armor: Robe              |       |    14 |    21 |     7 ||    42
Dodge: Dodged            |    25 |    78 |   182 |   170 ||   455
Block: Other             |       |       |       |    53 ||    53

Table legend: (Time is in decaauts)
 A = Elapsed time spent in this place.
 B = Non-inter-level travel time spent in this place.
 C = Inter-level travel time spent in this place.
 D = Time resting spent in this place.
 E = Time spent auto-exploring this place.
 F = Levels seen in this place.
 G = Mean time per level.
                   A        B        C        D        E       F      G
               +--------+--------+--------+--------+--------+-----+--------+
         Total |  10901 |  10192 |    709 |    289 |   8160 |  11 |  991.0 |
       Dungeon |   8801 |   8161 |    640 |    225 |   6576 |   9 |  977.9 |
          Lair |   2099 |   2030 |     69 |     64 |   1584 |   2 | 1049.5 |
               +--------+--------+--------+--------+--------+-----+--------+

Top non-repeatable levels by time:
     D:6: 1754 daAuts
  Lair:1: 1444 daAuts
     D:7: 1366 daAuts
     D:8: 1237 daAuts
     D:2: 1102 daAuts
     D:1: 904 daAuts
     D:5: 882 daAuts
     D:3: 731 daAuts
     D:4: 667 daAuts
  Lair:2: 655 daAuts
     D:9: 155 daAuts
